 Dungeon Crawl Stone Soup version 0.29.1-15-g9cfb28693d (webtiles) character file.

Game seed: 109433930281789629

2036 LustLizard the Gusty (level 9, -14/44 HPs)
             Began as a Deep Elf Air Elementalist on Apr 10, 2023.
             Was a Follower of Hepliaklqana.
             Demolished by an orc warrior
             ... wielding a +0 battleaxe
              (17 damage)
             ... on level 7 of the Dungeon.
             The game lasted 00:17:34 (9520 turns).

LustLizard the Gusty (Deep Elf Air Elementalist)    Turns: 9520, Time: 00:17:35

Health: -14/44     AC:  6    Str:  9    XL:     9   Next: 4%
Magic:  6/19       EV: 13    Int: 21    God:    Hepliaklqana [*.....]
Gold:   252        SH:  0    Dex: 15    Spells: 5/19 levels left

rFire   x . .      SeeInvis .   I - +5 short sword (drain)
rCold   + . .      Faith    .   (no shield)
rNeg    + . .      Spirit   .   r - +0 leather armour
rPois   +          Reflect  .   (no helmet)
rElec   .          Harm     .   w - +1 cloak
rCorr   .          Rampage  .   h - +0 pair of gloves
Will    .....                   (no boots)
Stlth   +++.......              (no amulet)
HPRegen 0.14/turn               f - ring of protection from cold
MPRegen 0.16/turn               y - ring "Xuitwex" {Fly rPois rF- rN+}

@: flying
A: reduced essence
a: Renounce Religion, Recall Ancestor, Ancestor Identity


You were on level 7 of the Dungeon.
You worshipped Hepliaklqana.
Hepliaklqana was aware of your devotion.
You visited 2 branches of the dungeon, and saw 8 of its levels.

You collected 377 gold pieces.
You spent 125 gold pieces at shops.

Inventory:

Hand Weapons
 I - a +5 short sword of draining (weapon)
Missiles
 A - 2 throwing nets
Armour
 a - a +0 robe
 h - a +0 pair of gloves (worn)
 r - a +0 leather armour (worn)
 w - a +1 cloak (worn)
Jewellery
 f - a ring of protection from cold (left hand)
 j - a ring of positive energy
 u - a +6 ring of strength
 y - the ring "Xuitwex" (right hand) {Fly rPois rF- rN+}
   (You took it off a gnoll on level 5 of the Dungeon)

   [ring of flight]

   rF:        It makes you vulnerable to fire.
   rPois:     It protects you from poison.
   rN:        It protects you from negative energy.
   Fly:       It grants you flight.
Wands
 n - a wand of flame (23)
 s - a wand of roots (8)
 H - a wand of paralysis (9)
Scrolls
 e - a scroll of torment {unknown}
 g - a scroll of blinking {unknown}
 i - 2 scrolls of enchant armour {unknown}
 k - 4 scrolls of amnesia {unknown}
 o - a scroll of magic mapping {unknown}
 x - a scroll of teleportation
 z - 2 scrolls of poison {unknown}
 B - a scroll of brand weapon {unknown}
 D - 2 scrolls of butterflies {unknown}
 E - 3 scrolls of identify
 F - a scroll of immolation {unknown}
Potions
 b - 4 potions of magic
 c - 2 potions of curing
 d - a potion of might {unknown}
 l - a potion of mutation {unknown}
 m - 2 potions of lignification
 p - a potion of resistance {unknown}
 t - 2 potions of flight
 v - a potion of heal wounds {unknown}
 C - 2 potions of berserk rage
 G - a potion of degeneration {unknown}


   Skills:
 + Level 2.8 Fighting
 + Level 5.0 Dodging
 + Level 5.1 Stealth
 + Level 5.5 Spellcasting
 * Level 5.7 Conjurations
 - Level 3.6 Hexes
 * Level 3.6 Transmutations
 - Level 3.0 Fire Magic
 * Level 6.0 Air Magic


You had 5 spell levels left.
You knew the following spells:

 Your Spells              Type           Power      Damage    Failure   Level
a - Shock                 Conj/Air       100%       1d9       1%          1
b - Static Discharge      Conj/Air       30%        3-7/arc   1%          2
c - Swiftness             Air            31%        N/A       3%          3
d - Inner Flame           Hex/Fire       19%        N/A       11%         3
e - Irradiate             Conj/Tmut      12%        3d15      52%         5

Your spell library contained the following spells:

 Spells                   Type           Power      Damage    Failure   Level
 Foxfire                  Conj/Fire      96%        2x1d8     2%          1
 Conjure Flame            Conj/Fire      24%        6-21      7%          3
 Airstrike                Air            15%        2d(3-19)  12%         4
 Portal Projectile        Hex/Tloc       26%        N/A       21%         3
 Sublimation of Blood     Necr           5%         N/A       22%         2
 Flame Wave               Conj/Fire      24%        2d8       24%         4
 Call Canine Familiar     Summ           5%         N/A       41%         3
 Leda's Liquefaction      Hex/Erth       6%         N/A       56%         4
 Petrify                  Tmut/Erth      13%        N/A       56%         4
 Lee's Rapid Deconstruct  Erth           2%         3d6*      99%         5
 Statue Form              Tmut/Erth      8%         N/A       100%        6


Dungeon Overview and Level Annotations

Branches:
Dungeon (7/15)             Temple (1/1) D:6

Altars:
Ashenzari
Cheibriados
Dithmenos
Fedhas
Gozag
Hepliaklqana
Makhleb
Nemelex Xobeh
Okawaru
Ru
Sif Muna
Trog
Uskayaw
Vehumet
Wu Jian
Xom
Yredelemnul
Zin
The Shining One

Shops:
D:6 **

Annotations:
D:6 exclusion: ice beast, Grinder
D:7 exclusion: boulder beetle


Message History

The orc warrior is struck by an arc of lightning.
The orc warrior is lightly wounded.
Ramose avoids your attack.
The orc warrior hits you with a +0 battleaxe.
The orc warrior closely misses Ramose.
Ramose hits the orc warrior.
Casting: Static Discharge (safe; 1% risk of failure)
Confirm with . or Enter, or press ? or * to list all spells.
Ramose avoids your attack.
The orc warrior is struck by an arc of lightning!
The orc warrior is heavily wounded.
Ramose avoids your attack.
The orc warrior hits you with a +0 battleaxe!
The orc warrior hits Ramose with a +0 battleaxe.
Ramose hits the orc warrior.
Casting: Static Discharge (safe; 1% risk of failure)
Confirm with . or Enter, or press ? or * to list all spells.
Ramose avoids your attack.
The orc warrior is struck by an arc of lightning.
The orc warrior is almost dead.
You are struck by an arc of lightning.
Ramose avoids your attack.
The orc warrior hits you with a +0 battleaxe!
The orc warrior hits Ramose with a +0 battleaxe!
Ramose closely misses the orc warrior.
Your magical contamination has completely faded away.
Casting: Static Discharge (safe; 1% risk of failure)
Confirm with . or Enter, or press ? or * to list all spells.
Ramose avoids your attack.
The orc warrior is struck by an arc of lightning.
The orc warrior is almost dead.
Ramose avoids your attack.
The orc warrior hits you with a +0 battleaxe!
* * * LOW HITPOINT WARNING * * *
The orc warrior hits Ramose with a +0 battleaxe.
Ramose barely misses the orc warrior.
Aiming: Shock (safe; 1% risk of failure)
Press: ? - help, Q - select action, (/) - cycle Shift-Dir - straight line, f - orc warrior
Aim: an orc warrior, wielding a +0 battleaxe and wearing a +0 chain mail (almost dead, ally target, 71% to hit)
The zap misses the orc warrior.
The orc warrior hits you with a +0 battleaxe!
You die...

#.....# #.....# ####
#.....# ########...
#.....# #.....##...
###.....# #.....##...
........# #....)##...
.......R#######.....#....
.......o@...........'....
#####.######....#####....
# #....# ##### #....#
###### ## #.


You could see the friendly Ramose the ancestor and an orc warrior (ally target).

Vanquished Creatures
  A hornet (D:7)
  A sky beast (D:7)
  A black bear (D:5)
  A phantom (D:5)
  Blork the orc (D:6)
  3 scorpions
  3 bullfrogs (D:7)
  4 wights (D:6)
  5 killer bees
  3 gnoll boudas
  4 hounds
  Crazy Yiuf (D:3)
  3 iguanas
  An orc wizard (D:3)
  21 gnolls
  5 adders
  A white imp (D:6)
  A worm (D:2)
  2 dart slugs (D:3)
  13 orcs
  5 bats
  9 endoplasms
  5 giant cockroaches
  9 hobgoblins
  10 jackals
  7 kobolds
  3 quokkas
  9 ball pythons
  2 frilled lizards
  9 goblins
  2 rats
145 creatures vanquished.

Vanquished Creatures (others)
  3 ancestors (D:7)
3 creatures vanquished.

Grand Total: 148 creatures vanquished

Notes
Turn   | Place    | Note
-------+----------+-------------------------------------------
     0 | D:1      | LustLizard the Deep Elf Air Elementalist began the quest
                  | for the Orb.
     0 | D:1      | Reached XP level 1. HP: 10/10 MP: 6/6
   270 | D:1      | Reached XP level 2. HP: 15/15 MP: 2/8
   755 | D:1      | Reached XP level 3. HP: 20/20 MP: 1/9
   772 | D:1      | Learned a level 2 spell: Static Discharge
   776 | D:1      | Learned a level 3 spell: Swiftness
  2556 | D:2      | Reached XP level 4. HP: 17/24 MP: 3/11
  3133 | D:3      | Reached skill level 1 in Fighting
  3587 | D:3      | Reached XP level 5. HP: 29/29 MP: 9/12
  3609 | D:3      | Found a snail-covered altar of Cheibriados.
  3612 | D:3      | You fall into a shaft and drop 2 floors!
  3612 | D:5      | Entered Level 5 of the Dungeon
  3627 | D:5      | Learned a level 3 spell: Inner Flame
  3631 | D:5      | Noticed a black bear
  3642 | D:5      | Killed a black bear
  3643 | D:5      | Reached skill level 1 in Hexes
  3643 | D:5      | Reached skill level 1 in Fire Magic
  3643 | D:5      | Reached skill level 4 in Air Magic
  3923 | D:4      | Reached XP level 6. HP: 31/34 MP: 6/13
  4605 | D:3      | Found a runed translucent door.
  4606 | D:3      | Noticed Crazy Yiuf
  4654 | D:3      | Killed Crazy Yiuf
  5204 | D:4      | Reached XP level 7. HP: 32/39 MP: 9/15
  5614 | D:5      | Found a sparkling altar of Nemelex Xobeh.
  5954 | D:5      | Identified the ring "Xuitwex" {Fly rPois rF- rN+}
  6244 | D:5      | Learned a level 5 spell: Irradiate
  6436 | D:6      | Found Uhiump's Assorted Antiques.
  6443 | D:6      | Bought 2 puce potions for 61 gold pieces
  6443 | D:6      | Bought a scroll labelled HELAWN DINIM for 34 gold pieces
  6443 | D:6      | Bought a sedimented green potion for 30 gold pieces
  6493 | D:6      | Noticed Grinder
  6527 | D:6      | Found a staircase to the Ecumenical Temple.
  6546 | Temple   | Entered the Ecumenical Temple
  6620 | Temple   | Became a worshipper of Hepliaklqana the Forgotten
  6713 | D:6      | Reached skill level 5 in Air Magic
  6742 | D:6      | Found a shadowy altar of Dithmenos.
  6811 | D:6      | Reached skill level 1 in Transmutations
  6811 | D:6      | Reached XP level 8. HP: 43/44 MP: 12/16
  7172 | D:6      | Found Viaxosai's Gadget Gallery.
  7223 | D:6      | Noticed Blork the orc
  7227 | D:6      | Killed Blork the orc
  7371 | D:6      | Found a shimmering altar of Xom.
  7371 | D:6      | Found a broken altar of Ashenzari.
  7829 | D:7      | Noticed a hornet
  7833 | D:7      | Killed a hornet
  7834 | D:7      | Reached skill level 5 in Spellcasting
  7834 | D:7      | Reached skill level 5 in Conjurations
  8582 | D:7      | Reached * piety under Hepliaklqana
  8631 | D:7      | Found a bloodstained altar of Trog.
  8632 | D:7      | Noticed a boulder beetle
  9176 | D:7      | Reached skill level 5 in Stealth
  9286 | D:7      | Reached skill level 5 in Dodging
  9286 | D:7      | Reached skill level 6 in Air Magic
  9286 | D:7      | Reached XP level 9. HP: 44/44 MP: 9/19
  9520 | D:7      | Demolished by an orc warrior

Illustrated notes

Levels and vault maps discovered:
D:1:      minmay_arrival_shattered_statue, layout_basic, hex_large,
          amcnicky_mini_pool_small
D:2:      layout_basic, grunt_decor_clamped, minmay_splitting_lines,
          kennysheep_generic_room_12
D:3:      layout_loops_cross, kennysheep_slug_shrine, grunt_decor_arrowhead,
          minmay_misc_feat_ornament, uniq_crazy_yiuf_cottage
D:4:      layout_loops_ring
D:5:      layout_basic, lemuel_crystal_altar
D:6:      layout_loops_ring, nicolae_dithmenos_the_darkroom,
          nicolae_elyvilon_temple_path, gammafunk_temple_overflow_elements,
          minmay_temple_entry_offerings, serial_shops, nicolae_square_shop,
          nicolae_shop_gadgets, uniq_blork_the_orc, uniq_grinder
D:7:      layout_basic, trog_three_pillars_becter, minmay_circle_x
Temple:   cyrus_circular_temple

Skill      XL: |  1  2  3  4  5  6  7  8 |
---------------+-------------------------+-----
Conjurations   | 2 3 4 5 |  5.7
Dodging        | 3 4 5 |  5.0
Fighting       | 1 2 |  2.8
Stealth        | 3 4 5 |  5.1
Hexes          | 1 2 3 |  3.6
Fire Magic     | 1 2 3 |  3.0
Air Magic      | 4 5 6 |  6.0
Spellcasting   | 4 5 |  5.5
Transmutations | 1 3 |  3.6

Action                   |  1- 3 |  4- 6 |  7- 9 || total
-------------------------+-------+-------+-------++-------
Melee: Dagger            |     2 |       |       ||     2
 Cast: Shock             |    92 |   116 |   156 ||   364
       Static Discharge  |     1 |    15 |    31 ||    47
       Inner Flame       |       |       |     2 ||     2
       Swiftness         |       |       |     1 ||     1
Invok: Ancestor Identity |       |       |     1 ||     1
Evoke: Wand              |       |       |     2 ||     2
  Use: Scroll            |       |     2 |     4 ||     6
Armor: Robe              |     3 |     2 |       ||     5
       Leather armour    |       |     3 |     8 ||    11
Dodge: Dodged            |    14 |     8 |    41 ||    63
